 Dungeon Crawl Stone Soup version 0.30.0-19-g36f170ea60 (webtiles) character file.

Game seed: 1435571909011344360

21373 olmar the Basher (level 12, -12/111 HPs)
             Began as an Armataur Fighter on June 1, 2023.
             Was an Initiate of Gozag.
             Mangled by a polar bear simulacrum (18 damage)
             ... on level 1 of the Orcish Mines on June 2, 2023.
             The game lasted 00:16:43 (11797 turns).

olmar the Basher (Armataur Fighter)                Turns: 11797, Time: 00:16:45

Health: -12/111    AC: 19    Str: 32    XL:     12   Next: 53%
Magic:  12/12      EV: 11    Int:  9    God:    Gozag
Gold:   2219       SH:  5    Dex: 10    Spells: 11/11 levels left

rFire   . . .        A - +6 flail (drain)
rCold   . . .        c - +0 buckler
rNeg    + . .        V - +4 chain mail of the Desolation of Salt {Str+6}
rPois   +            E - +0 helmet
rElec   .            T - +1 cloak of Starlight {*Dazzle EV+4 Stlth--}
rCorr   .            (no gloves)
SInv    +            (no barding)
Will    .....        i - amulet of regeneration Stlth
                     w - ring of Equilibrium {rPois rN+ Stlth+}
HPRegen 1.18/turn    F - ring of see invisible
MPRegen 0.13/turn

%: roll
@: gold aura, studying Dodging
A: large, rugged brown scales 3, deformed body, armoured tail, roll, long
tongue, awkward tongue
a: Renounce Religion, Potion Petition, Call Merchant, Bribe Branch


You were on level 1 of the Orcish Mines.
You worshipped Gozag.
Gozag was most pleased with you.
You visited 3 branches of the dungeon, and saw 14 of its levels.
You also visited: Ossuary.

You collected 2970 gold pieces.
You spent 695 gold pieces at shops.
You paid 56 gold pieces to Gozag.

Inventory:

Hand Weapons
 a - a +0 flail
 A - a +6 flail of draining (weapon)
Missiles
 m - 53 poisoned darts (quivered)
 x - 6 boomerangs
 O - 3 datura-tipped darts
 R - a throwing net
Armour
 b - a +0 scale mail
 c - a +0 buckler (worn)
 j - a +1 cloak
 k - a +0 plate armour
 E - a +0 helmet (worn)
 Q - a scarf of invisibility
 T - the +1 cloak of Starlight (worn) {*Dazzle EV+4 Stlth--}
   (You bought it in a shop on level 1 of the Orcish Mines)

   *Dazzle:   It may blind those who miss an attack against the wearer in melee
   combat.
   EV:        It affects your evasion (+4).
   Stlth:     It makes you much less stealthy.
 V - the +4 chain mail of the Desolation of Salt (worn) {Str+6}
   (You bought it in a shop on level 1 of the Orcish Mines)

   Str:       It affects your strength (+6).
Jewellery
 i - an amulet of regeneration (around neck)
 n - an amulet of the acrobat
 r - an amulet of faith
 w - the ring of Equilibrium (left hand) {rPois rN+ Stlth+}
   (You found it on level 5 of the Dungeon)

   [ring of poison resistance]

   rPois:     It protects you from poison.
   rN:        It protects you from negative energy.
   Stlth:     It makes you more stealthy.
 F - a ring of see invisible (right hand)
 G - a ring of magical power
 H - a ring of flight
 N - an amulet of magic regeneration
Wands
 o - a wand of mindburst (7)
 B - a wand of digging (6)
 D - a wand of iceblast (21)
 J - a wand of flame (28)
 S - a wand of charming (7)
Scrolls
 e - 2 scrolls of vulnerability
 p - 2 scrolls of enchant weapon
 q - 3 scrolls of teleportation
 t - a scroll of fog
 y - 3 scrolls of noise
 C - a scroll of fear
 I - a scroll of silence
 K - 2 scrolls of immolation
 L - 3 scrolls of identify
 M - a scroll of magic mapping
 P - a scroll of enchant armour
 U - a scroll of poison
Potions
 d - 3 potions of might
 f - 4 potions of heal wounds
 g - 2 potions of cancellation
 h - 4 potions of mutation
 l - 4 potions of haste
 s - 4 potions of brilliance
 u - 2 potions of flight
 v - a potion of curing
 z - 5 potions of degeneration


   Skills:
 + Level 9.0 Fighting
 + Level 13.4 Maces & Flails
 - Level 2.0 Throwing
 + Level 12.6 Armour
 + Level 1.0 Dodging
 - Level 1.3 Stealth
 + Level 7.3 Shields
 + Level 2.2 Evocations


You had 11 spell levels left.
You didn't know any spells.
Your spell library contained the following spells:

 Spells                   Type           Power      Damage    Failure   Level
 Freeze                   Ice            0%         1d3       78%         1
 Slow                     Hex            0%         N/A       78%         1
 Confusing Touch          Hex            0%         N/A       98%         3
 Frozen Ramparts          Ice            0%         1d1       98%         3
 Hailstorm                Conj/Ice       0%         3d3       98%         3
 Vampiric Draining        Necr           0%         2d6       98%         3
 Borgnjor's Vile Clutch   Necr/Erth      0%         N/A       100%        5
 Death Channel            Necr           0%         N/A       100%        6
 Animate Dead             Necr           Unusable   N/A       N/A         4

Dungeon Overview and Level Annotations

Branches:
Dungeon (12/15)            Temple (1/1) D:4            Lair (0/5) D:8
    Orc (1/2) D:12        Ossuary (visited)

Altars:
Ashenzari
Cheibriados
Dithmenos
Elyvilon
Fedhas
Gozag
Hepliaklqana
Kikubaaqudgha
Makhleb
Nemelex Xobeh
Okawaru
Qazlal
Ru
Sif Muna
Trog
Uskayaw
Vehumet
Wu Jian
Xom
Yredelemnul
Zin
The Shining One

Shops:
D:6 *   Orc:1 *

Portals:
Ice
Cave: Orc:1

Annotations:
D:11 3 runed translucent doors, Yogidamonk's ghost, journeyman MiHu
D:12 3 runed translucent doors, mkat's ghost, journeyman DgSu
Temple 2 transporters


Innate Abilities, Weirdness & Mutations

You are completely covered in rugged brown scales. (AC +3, +7% HP)
Armour fits poorly on your strangely shaped body.
You have a long armoured tail.
You roll when moving toward enemies. (Rampage)
Your long tongue fully drains potion bottles. (2x potion effects)
Your tongue gives you trouble enunciating. (1.5x scroll delay)


Message History

The polar bear simulacrum claws you but does no damage. x2
Unknown command.
You closely miss the wolf simulacrum.
The wolf simulacrum is severely damaged.
The wolf simulacrum barely misses you.
The spriggan simulacrum is distracted by your dazzling golden aura.
Unknown command.
You closely miss the orc priest.
Your tail-slap misses the orc priest.
The wolf simulacrum bites you. The wolf simulacrum freezes you!
The orc priest barely misses you. You block the orc's attack.
The polar bear simulacrum barely misses you.
You block the polar bear simulacrum's attack.
The polar bear simulacrum barely misses you.
Unknown command.
You bludgeon the orc priest!!
You kill the orc priest!
You block the wolf simulacrum's attack. The orc hits you with a +0 mace.
The polar bear simulacrum bites you. The polar bear simulacrum freezes you!
* * * LOW HITPOINT WARNING * * *
The polar bear simulacrum closely misses you. x2
The wolf simulacrum is distracted by your dazzling golden aura.
The wolf simulacrum is no longer distracted by gold.
The orc closely misses you.
Unknown command.
You barely miss the orc. The orc closely misses you.
Unknown command.
You sock the polar bear simulacrum!
The polar bear simulacrum is heavily damaged.
The spriggan simulacrum is no longer distracted by gold. x2
The wolf simulacrum is distracted by your dazzling golden aura.
The polar bear simulacrum bites you.
* * * LOW HITPOINT WARNING * * *
The polar bear simulacrum freezes you!!
* * * LOW HITPOINT WARNING * * *
The polar bear simulacrum claws you but does no damage.
The polar bear simulacrum claws you.
* * * LOW HITPOINT WARNING * * *
The polar bear simulacrum freezes you!!
You die...
Your body crumbles into a pile of gold.

***,8,8,8..,.**
**,,,,,,,,..,.,* ***
*,,,***+**#.#.**
**.###,,,*,,,,,#..##
*,...#.,,*,,,,,#...#
**,..$..,,*,,,,,#...####
*,,......,*,,8,,#....#.#####
**,......########...........
**..∩.$ZZo@...$##.#.#.#####
**......$Z.........####
*,......ZZ.........#*
**.....#....$.......#
*#.###.............#*
#***#..#...........#
*#.......>....#..#*
#.................#
#.............#.$.#*


You could see a wolf simulacrum (unaware), 2 polar bear simulacra, 2 spriggan
simulacra and an orc.

Vanquished Creatures
  An ogre mage (D:10)
  Erica (D:11)
  A centaur warrior (D:11)
  9 two-headed ogres
  3 death yaks (D:8)
  A deep elf pyromancer (D:10)
  4 manticores
  3 gargoyles
  An unseen horror (D:12)
  6 trolls
  Sigmund (D:5)
  A vampire (D:11)
  A wyvern (D:8)
  A shadow (D:10)
  13 yaks
  4 vampire mosquitoes
  A steam dragon (D:10)
  3 water moccasins
  Edmund (D:5)
  7 orc warriors
  2 ice beasts
  2 black bears
  3 ogres
  2 centaurs
  4 kobold brigands
  A gnoll sergeant (D:12)
  5 bullfrogs
  4 scorpions
  3 wights (D:7)
  12 killer bees
  4 howler monkeys
  2 hounds
  10 orc priests
  4 jellies
  A sleepcap (D:6)
  3 iguanas
  Ijyb (D:5)
  18 orc wizards
  5 hell rats (D:8)
  2 wolf simulacra (Orc:1)
  A troll simulacrum (Orc:1)
  A hound zombie (Ossuary)
  4 mummies (Ossuary)
  8 gnolls
  2 river rats (D:8)
  6 adders
  A shadow imp (D:7)
  2 adder zombies (Ossuary)
  A worm (D:2)
  4 dart slugs
  57 orcs
  6 endoplasms
  2 giant cockroaches
  6 goblins
  6 hobgoblins
  3 jackals (D:2)
  3 quokkas
  5 ball pythons
  4 bats
  3 frilled lizards
  3 jackal zombies (Ossuary)
  31 kobolds
  4 kobold zombies (Ossuary)
  An orc zombie (Ossuary)
  7 rats
  A rat zombie (Ossuary)
  A butterfly (D:8)
324 creatures vanquished.

Vanquished Creatures (others)
  An orc wizard (D:4)
1 creature vanquished.

Grand Total: 325 creatures vanquished

Notes
Turn   | Place    | Note
-------+----------+-------------------------------------------
     0 | D:1      | olmar the Armataur Fighter began the quest for the Orb.
     0 | D:1      | Reached XP level 1. HP: 19/19 MP: 1/1
   425 | D:1      | Reached XP level 2. HP: 26/26 MP: 2/2
   462 | D:1      | Reached skill level 2 in Maces & Flails
   819 | D:2      | Reached XP level 3. HP: 23/33 MP: 3/3
  1023 | D:2      | Identified the +5 dagger of Experimentation {vamp, Drain
                  | Str+5 Int+3 Stlth-}
  1474 | D:3      | Identified the +4 war axe "Ashocor" {freeze, rN+}
  1482 | D:3      | Found a faded altar of an unknown god.
  1589 | D:3      | Reached XP level 4. HP: 40/40 MP: 4/4
  1685 | D:3      | Found an ornate altar of the Wu Jian Council.
  2013 | D:3      | Found a stormy altar of Qazlal.
  2081 | D:3      | Found a shadowy altar of Dithmenos.
  2562 | D:4      | Reached skill level 3 in Maces & Flails
  2751 | D:4      | Reached XP level 5. HP: 48/48 MP: 5/5
  2756 | D:4      | Found a staircase to the Ecumenical Temple.
  2766 | Temple   | Entered the Ecumenical Temple
  2766 | Temple   | Found a transporter.
  2766 | Temple   | Found a transporter.
  2776 | Temple   | Found a transporter.
  2776 | Temple   | Found a transporter.
  2786 | Temple   | Became a worshipper of Gozag Ym Sagoz the Greedy
  3208 | D:4      | Reached skill level 4 in Maces & Flails
  3208 | D:4      | Reached skill level 5 in Armour
  3208 | D:4      | Reached XP level 6. HP: 50/55 MP: 6/6
  3616 | D:5      | Entered Level 5 of the Dungeon
  3698 | D:5      | Identified the ring of Equilibrium {rPois rN+ Stlth+}
  3743 | D:5      | Noticed Sigmund
  3745 | D:5      | Killed Sigmund
  3746 | D:5      | Reached skill level 5 in Maces & Flails
  3746 | D:5      | Reached XP level 7. HP: 63/63 MP: 7/7
  3971 | D:5      | Reached skill level 6 in Maces & Flails
  4237 | D:5      | Noticed Edmund
  4240 | D:5      | Killed Edmund
  4241 | D:5      | Reached XP level 8. HP: 71/71 MP: 8/8
  4405 | D:5      | Noticed Ijyb
  4415 | D:5      | Killed Ijyb
  4526 | D:5      | Found a glowing golden altar of the Shining One.
  4902 | D:6      | Reached skill level 7 in Maces & Flails
  4969 | D:6      | Found Ximihof's Overcharged Wands.
  5173 | D:6      | Reached skill level 1 in Evocations
  5524 | D:7      | Reached skill level 8 in Maces & Flails
  5553 | D:7      | Reached XP level 9. HP: 42/78 MP: 9/9
  5574 | D:7      | Reached skill level 5 in Fighting
  5579 | D:7      | You fall into a shaft and drop 3 floors!
  5579 | D:10     | Entered Level 10 of the Dungeon
  5586 | D:10     | Noticed a gargoyle
  5588 | D:10     | Noticed a troll
  5660 | D:9      | Reached skill level 5 in Shields
  5821 | D:8      | Noticed a death yak
  5823 | D:8      | Noticed a death yak
  5825 | D:8      | Noticed a death yak
  5834 | D:8      | Killed a death yak
  5835 | D:8      | Reached skill level 9 in Maces & Flails
  5845 | D:8      | Killed a death yak
  5852 | D:8      | Killed a death yak
  5853 | D:8      | Reached skill level 10 in Maces & Flails
  5853 | D:8      | Reached XP level 10. HP: 52/88 MP: 10/10
  5874 | D:8      | Found a staircase to the Lair.
  6147 | D:7      | Found a sand-covered staircase.
  6151 | Ossuary  | Entered an ossuary
  7003 | D:8      | Found a shimmering altar of Xom.
  7205 | D:9      | Noticed a two-headed ogre
  7215 | D:9      | Killed a two-headed ogre
  7662 | D:9      | Reached skill level 11 in Maces & Flails
  7754 | D:9      | Noticed a two-headed ogre
  7768 | D:9      | Killed a two-headed ogre
  7769 | D:9      | Reached skill level 1 in Throwing
  8214 | D:10     | Reached XP level 11. HP: 73/98 MP: 11/11
  8252 | D:10     | Reached skill level 10 in Armour
  8444 | D:10     | Noticed a two-headed ogre
  8452 | D:10     | Killed a two-headed ogre
  8797 | D:10     | Noticed a two-headed ogre
  8798 | D:10     | Noticed a two-headed ogre
  8802 | D:10     | Killed a two-headed ogre
  8805 | D:10     | Noticed a two-headed ogre
  8807 | D:10     | Killed a two-headed ogre
  8808 | D:10     | Reached skill level 1 in Stealth
  8810 | D:10     | Reached skill level 12 in Maces & Flails
  8813 | D:10     | Noticed an ogre mage
  8816 | D:10     | Killed a two-headed ogre
  8822 | D:10     | Killed an ogre mage
  8822 | D:10     | Noticed a two-headed ogre
  8824 | D:10     | Killed a two-headed ogre
  8828 | D:10     | Noticed a deep elf pyromancer
  8912 | D:10     | Killed a deep elf pyromancer
  9539 | D:11     | Noticed a two-headed ogre
  9545 | D:11     | Killed a two-headed ogre
  9863 | D:11     | Noticed a centaur warrior
  9870 | D:11     | Killed a centaur warrior
  9942 | D:11     | Reached XP level 12. HP: 105/108 MP: 12/12
 10011 | D:11     | Noticed Erica
 10019 | D:11     | Killed Erica
 10097 | D:11     | Reached skill level 1 in Dodging
 10250 | D:11     | Found a runed translucent gate.
 10250 | D:11     | Found a runed translucent gate.
 10250 | D:11     | Found a runed translucent gate.
 10286 | D:11     | Noticed Yogidamonk's ghost (journeyman MiHu)
 10653 | D:12     | Reached skill level 13 in Maces & Flails
 10740 | D:12     | Found a runed translucent gate.
 10740 | D:12     | Found a runed translucent gate.
 10740 | D:12     | Found a runed translucent gate.
 10797 | D:12     | Found a staircase to the Orcish Mines.
 11117 | D:12     | Noticed mkat's ghost (journeyman DgSu)
 11117 | D:12     | Noticed a minotaur
 11235 | D:12     | Noticed a two-headed ogre
 11246 | D:12     | Killed a two-headed ogre
 11654 | Orc:1    | Entered Level 1 of the Orcish Mines
 11659 | Orc:1    | Found a burning altar of Makhleb.
 11702 | Orc:1    | Found Tamepol's Assorted Antiques.
 11712 | Orc:1    | Bought the +1 cloak of Starlight {*Dazzle EV+4 Stlth--} for
                  | 457 gold pieces
 11712 | Orc:1    | Found the +1 cloak of Starlight {*Dazzle EV+4 Stlth--}
 11722 | Orc:1    | Bought a scroll of poison for 60 gold pieces
 11722 | Orc:1    | Bought a wand of iceblast (1) for 36 gold pieces
 11722 | Orc:1    | Bought a dazzling chain mail for 142 gold pieces
 11722 | Orc:1    | Identified the +4 chain mail of the Desolation of Salt
                  | {Str+6} (You bought it in a shop on level 1 of the Orcish
                  | Mines)
 11777 | Orc:1    | Found a frozen archway.
 11797 | Orc:1    | Mangled by a polar bear simulacrum

Illustrated notes

Levels and vault maps discovered:
D:1:      matt_arrival_diagonals, layout_loops_cross, minmay_door_square
D:2:      layout_rooms
D:3:      layout_basic, pdpol_wu_jian_five_deadly_venoms,
          nicolae_overflow_hidden_temple, mainiacjoe_overflow_paths,
          shapermc_ecumenical_altar_mp_highgroup, kennysheep_generic_room_13
D:4:      layout_loops_ring, minmay_temple_entry_arrows, minmay_liquid_box
D:5:      layout_loops_ring, tso_altar, uniq_ijyb, uniq_sigmund, uniq_edmund
D:6:      layout_gridville, kennysheep_decorative_pillar,
          nicolae_shop_overcharged_wands
D:7:      layout_loops_cross, enter_ossuary_5, enter_bailey_6
D:8:      layout_rooms, xom_butterflies, dpeg_lair_monsters
D:9:      layout_loops_ring
D:10:     layout_roguey, minmay_bent
D:11:     layout_stronghold, gammafunk_ghost_icy,
          hangedman_abyss_or_decor_stagger, uniq_erica
D:12:     layout_gridville, erik_orc_4, maelrawn_ghost_gauntlet_escape
Temple:   hellmonk_temple_divided_pantheon
Orc:1:    layout_caves, portal_ice_cave_entry_ice_simulacra, serial_shops,
          nicolae_lakefront_shop, basic_altar, nicolae_orc_sculptors_studio

Skill      XL: |  1  2  3  4  5  6  7  8  9 10 11 12 |
---------------+-------------------------------------+-----
Maces & Flails | 2 3 4 5 6 8 10 11 12 13 | 13.4
Armour         | 4 5 6 7 8 9 11 12 | 12.6
Fighting       | 3 4 6 7 8 9 |  9.0
Shields        | 4 6 7 |  7.3
Evocations     | 1 2 |  2.2
Throwing       | 1 2 |  2.0
Stealth        | 1 |  1.3
Dodging        | 1 |  1.0

Action                     |  1- 3 |  4- 6 |  7- 9 | 10-12 || total
---------------------------+-------+-------+-------+-------++-------
  Melee: Flail             |   119 |   176 |   245 |   493 ||  1033
         Tailslap          |     7 |    17 |    29 |    71 ||   124
  Throw: Dart              |       |     1 |       |    12 ||    13
         Boomerang         |       |       |       |     2 ||     2
  Evoke: Wand              |       |     3 |     4 |    12 ||    19
    Use: Scroll            |     1 |     4 |     8 |     9 ||    22
         Potion            |       |       |     2 |     9 ||    11
   Stab: Distracted        |       |       |       |     2 ||     2
 Armour: Scale mail        |    42 |       |       |       ||    42
         Plate armour      |    11 |   110 |   122 |   247 ||   490
         Chain mail        |       |       |       |    14 ||    14
  Dodge: Dodged            |    37 |    33 |    50 |   157 ||   277
  Block: Buckler           |    28 |    37 |    42 |    83 ||   190
